 Dungeon Crawl Stone Soup version 0.20-a0-208-g55166f7 (webtiles) character file.

1848 kroki the Destroyer (level 8, -3/42 HPs)
             Began as a Deep Elf Conjurer on Nov 25, 2016.
             Slain by a sky beast (5 damage)
             ... on level 5 of the Dungeon.
             The game lasted 00:10:25 (7683 turns).

kroki the Destroyer (Deep Elf Conjurer)             Turns: 7683, Time: 00:10:25

Health: -3/42      AC:  4    Str:  5    XL:     8   Next: 88%
Magic:  16/16      EV: 15    Int: 23    God:
Gold:   212        SH:  5    Dex: 15    Spells: 1/15 levels left

rFire  . . .     SeeInvis .     t - +1 dagger (drain)
rCold  . . .     Gourm    .     a - +0 robe
rNeg   . . .     Faith    .     u - +0 buckler
rPois  .         Spirit   .     r - +2 hat
rElec  .         Reflect  .     (no cloak)
rCorr  .         Harm     .     (no gloves)
MR     .....                    (no boots)
Stlth  +.........               (no amulet)
                                e - +2 ring of evasion
                                h - ring of loudness (curse) {Stlth-}

@: no status effects
A: no striking features
a: no special abilities


You were on level 5 of the Dungeon.
You were hungry.

You visited 1 branch of the dungeon, and saw 5 of its levels.

You collected 212 gold pieces.

Inventory:

Hand Weapons
 t - a +1 dagger of draining (weapon)
   (You took it off Robin on level 2 of the Dungeon)
Armour
 a - a +0 robe (worn)
 r - a +2 hat (worn)
   (You found it on level 2 of the Dungeon)
 u - a +0 buckler (worn)
   (You found it on level 3 of the Dungeon)
Jewellery
 d - an uncursed ring of fire {rF+, rC-}
   (You found it on level 1 of the Dungeon)
 e - a +2 ring of evasion (right hand)
   (You found it on level 4 of the Dungeon)
 g - an uncursed amulet of guardian spirit {unknown}
   (You found it on level 5 of the Dungeon)
 h - a cursed ring of loudness (left hand) {Stlth-}
   (You found it on level 5 of the Dungeon)
Wands
 s - a wand of lightning (9/15)
   (You found it on level 3 of the Dungeon)
Scrolls
 f - a scroll of teleportation
 l - a scroll of amnesia
 v - a scroll of fog
 y - a scroll of random uselessness {unknown}
 C - a scroll of identify
Potions
 i - a potion of degeneration {!q}
 k - 4 potions of mutation {unknown}
 m - a potion of might
 n - 2 potions of lignification {!q}
 o - a potion of experience {unknown}
 p - 3 potions of magic {unknown}
 x - a potion of brilliance
 B - a potion of berserk rage {unknown}
Books
 b - a book of Conjurations
 q - a book of Minor Magic
   (You found it on level 2 of the Dungeon)
Comestibles
 c - 3 bread rations {@e1}
 z - 4 fruits
 A - 2 meat rations {@e2}
 D - 5 chunks of flesh {@w0}


   Skills:
 + Level 0.8 Fighting
 - Level 2.4 Dodging
 - Level 2.4 Stealth
 - Level 4.0 Shields
 + Level 4.3 Spellcasting
 * Level 10.5 Conjurations
 - Level 6.3 Charms


You had one spell level left.
You knew the following spells:

 Your Spells              Type           Power        Failure   Level  Hunger
a - Magic Dart            Conj           ####         1%          1    None
b - Searing Ray           Conj           ######       1%          2    None
d - Repel Missiles        Chrm/Air       ###...       4%          2    None
x - Iskenderun's Mystic   Conj           ######..     1%          4    ####...
z - Iskenderun's Battles  Conj/Chrm      #####...     10%         5    #####..


Dungeon Overview and Level Annotations

Branches:
Dungeon (5/15)
 Temple: D:4-7

Altars:
Ashenzari
Cheibriados
Gozag
Nemelex Xobeh
Okawaru
Sif Muna
Xom


Message History

Aim: a sky beast The magic dart hits the sky beast.
The sky beast flickers out of sight!
Deactivating autopickup; reactivate with Ctrl-A.
A crimson imp is nearby!
Aim: a crimson imp The magic dart hits the crimson imp.
Something hits you. Something shocks you.
You take 9 damage, and have 33/42 hp.
MASSIVE DAMAGE!!
You now have 14/16 mp.
You conjure a globe of magical energy.
You are feeling hungry.
Something hits you. Something shocks you.
You take 8 damage, and have 25/42 hp.
You now have 9/16 mp.
A crimson imp is nearby!
You are too injured to fight recklessly!
A crimson imp is nearby!
You are too injured to fight recklessly!
A crimson imp is nearby!
You are too injured to fight recklessly!
Aim: a crimson imp (heavily wounded)
The magic dart hits the crimson imp.
Your battlesphere fires!
The barrage of energy hits the crimson imp.
You kill the crimson imp!
Something hits you but does no damage.
You now have 8/16 mp.
You can't see any susceptible monsters within range! (Use Z to cast anyway.)
You are too injured to fight recklessly!
Something hits you. Something shocks you.
You are too injured to fight recklessly!
You take 8 damage, and have 17/42 hp.
You block something's attack.
You are too injured to fight recklessly!
Something hits you. Something shocks you.
* * * LOW HITPOINT WARNING * * *
You are too injured to fight recklessly!
You take 7 damage, and have 10/42 hp.
A sky beast appears from thin air!
Reactivating autopickup.
The sky beast hits you.
* * * LOW HITPOINT WARNING * * *
The sky beast shocks you.
* * * LOW HITPOINT WARNING * * *
You are too injured to fight recklessly!
You take 9 damage, and have 1/42 hp.
MASSIVE DAMAGE!!
Really quaff
n - 3 potions of lignification {!q}? [Y]es or [N]o only, please.
Really quaff
n - 3 potions of lignification {!q}?
You turn into a tree.
Your +2 hat melds into your body.
Your +0 robe melds into your body.
Your roots penetrate the ground.
The sky beast hits you but does no damage.
You now have 2/63 hp.
You are confused.
You feel invigorated. The sky beast barely misses you.
You regained 5 hp, and now have 7/63 hp.
You regained 5 mp, and now have 14/16 mp.
Unknown command.
You cannot move. (Use ctrl+direction to attack without moving.) Unknown command.
Unknown command.
You cannot move. (Use ctrl+direction to attack without moving.)
A sky beast is nearby!
The sky beast hits you but does no damage.
You regained 4 hp, and now have 11/63 hp.
MP restored: 16 You feel less invigorated.
You feel less confused. You block the sky beast's attack.
You regained 5 hp, and now have 16/63 hp.
Unknown command.
You hit the sky beast.
The sky beast hits you but does no damage.
You closely miss the sky beast.
The sky beast hits you but does no damage.
You closely miss the sky beast. You block the sky beast's attack.
You barely miss the sky beast.
The sky beast hits you but does no damage.
You hit the sky beast but do no damage.
The sky beast hits you but does no damage.
You closely miss the sky beast.
The sky beast flickers out of sight!
Deactivating autopickup; reactivate with Ctrl-A.
Something completely misses you.
You miss something. Something hits you but does no damage.
You miss something. Something hits you but does no damage.
You completely miss something. Something hits you.
* * * LOW HITPOINT WARNING * * *
Something shocks you.
* * * LOW HITPOINT WARNING * * *
You take 9 damage, and have 9/63 hp.
You barely miss something. You block something's attack.
It was a potion of cancellation.
Your magical effects are unravelling.
You feel magically purged.
You feel less wooden.
Your +2 hat unmelds from your body.
Your +0 robe unmelds from your body.
Something hits you.
* * * LOW HITPOINT WARNING * * *
Something shocks you.
You die...

.... ..#.##.........
#.###.###.##...........#
......###.##...........#
#.....#.#.#.#..........#
.#.....#.#.#...........#
#.......#.#.#..........#
.#.._..#.#.#...........#
#.......#.#.#...*......#
.#.......#.#....@....... #
#.#.#...#.#.#.#.#{..)... #
.#.#.#.#.#.#.#.##....... #
#.#.#..)#.#.#.#.#....... #
.#.#...#.#.#.#.################ #
#.#.#.#.#.#.#.#.# #...........# #
.#.#...#.#)#.#.####...........# #
#.#...#.#.#)#.#...#...........# #
.#.#.#.#.#.#.#.##.#...........###


You could see a friendly battlesphere.

Vanquished Creatures
  Grinder (D:4)
  Eustachio (D:5)
  Menkaure (D:4)
  An ice beast (D:5)
  A phantom (D:4)
  An ogre (D:4)
  2 centaurs (D:5)
  2 crimson imps
  2 howler monkeys (D:4)
  A centaur zombie (D:4)
  An orc priest (D:4)
  A bullfrog skeleton (D:4)
  2 hounds (D:5)
  An iguana (D:5)
  9 orc wizards
  Natasha (thrice) (D:4)
  Robin (D:2)
  4 gnolls (D:5)
  8 adders
  A shadow imp (D:5)
  2 adder zombies (D:4)
  2 adder skeletons (D:4)
  3 dart slugs (D:1)
  4 worms
  4 leopard geckos
  21 orcs
  6 bats
  4 giant cockroaches
  18 goblins
  14 hobgoblins
  9 jackals
  9 kobolds
  3 quokkas
  A ball python (D:2)
  9 frilled lizards
  A giant cockroach zombie (D:4)
  A jackal skeleton (D:4)
  10 rats
165 creatures vanquished.

Notes
Turn   | Place    | Note
-------+----------+-------------------------------------------
     0 | D:1      | kroki the Deep Elf Conjurer began the quest for the Orb.
     0 | D:1      | Reached XP level 1. HP: 10/10 MP: 6/6
   311 | D:1      | Reached XP level 2. HP: 15/15 MP: 5/8
   351 | D:1      | Reached skill level 5 in Conjurations
   756 | D:1      | Reached XP level 3. HP: 12/19 MP: 6/9
   879 | D:1      | Learned a level 2 spell: Searing Ray
  1097 | D:2      | Noticed Robin
  1360 | D:2      | Killed Robin
  1360 | D:2      | Reached skill level 6 in Conjurations
  1621 | D:2      | Reached XP level 4. HP: 24/24 MP: 8/10
  1817 | D:2      | Learned a level 4 spell: Iskenderun's Mystic Blast
  2075 | D:2      | Found an iron altar of Okawaru.
  2473 | D:3      | Learned a level 2 spell: Repel Missiles
  2729 | D:3      | Reached XP level 5. HP: 28/28 MP: 7/11
  2749 | D:3      | Reached skill level 7 in Conjurations
  3003 | D:3      | Found a shimmering altar of Xom.
  3006 | D:3      | Found an opulent altar of Gozag.
  3007 | D:3      | Found a shattered altar of Ashenzari.
  3007 | D:3      | Found a sparkling altar of Nemelex Xobeh.
  3464 | D:4      | Noticed Natasha
  3640 | D:4      | Reached skill level 1 in Shields
  3647 | D:4      | Reached XP level 6. HP: 22/32 MP: 4/12
  3797 | D:4      | Killed Natasha
  3798 | D:4      | Reached skill level 8 in Conjurations
  3909 | D:4      | Reached skill level 2 in Shields
  4175 | D:4      | Reached XP level 7. HP: 33/36 MP: 4/13
  4459 | D:4      | Noticed Grinder
  4577 | D:4      | Killed Grinder
  4577 | D:4      | Reached skill level 4 in Spellcasting
  4577 | D:4      | Reached skill level 9 in Conjurations
  4587 | D:4      | Learned a level 5 spell: Iskenderun's Battlesphere
  4916 | D:4      | Reached skill level 3 in Shields
  4916 | D:4      | Reached skill level 1 in Charms
  4989 | D:4      | Noticed Natasha
  4992 | D:4      | Killed Natasha
  5179 | D:4      | Reached skill level 2 in Charms
  5576 | D:4      | Found a deep blue altar of Sif Muna.
  5576 | D:4      | Noticed Menkaure
  5588 | D:4      | Killed Menkaure
  5588 | D:4      | Reached skill level 3 in Charms
  5588 | D:4      | Reached XP level 8. HP: 21/41 MP: 12/16
  5865 | D:5      | Entered Level 5 of the Dungeon
  6030 | D:5      | Reached skill level 4 in Charms
  6153 | D:5      | Reached skill level 10 in Conjurations
  6271 | D:5      | Found a snail-covered altar of Cheibriados.
  6354 | D:5      | Reached skill level 5 in Charms
  6437 | D:5      | Noticed Eustachio
  6445 | D:5      | Killed Eustachio
  6767 | D:4      | Noticed Natasha
  6777 | D:4      | Killed Natasha
  7263 | D:5      | Reached skill level 6 in Charms
  7397 | D:5      | Reached skill level 4 in Shields
  7667 | D:5      | HP: 10/42 [something (6)]
  7668 | D:5      | HP: 1/42 [sky beast (6)]
  7681 | D:5      | HP: 15/63 [something (3)]
  7683 | D:5      | HP: 2/42 [something (4)]
  7683 | D:5      | Slain by a sky beast

Vault maps used:
D:1:      elethiomel_arrival_maze, serial_bayou_pond_b
D:2:      marbit_many_paths, first_bread, kennysheep_flooded_box,
          kennysheep_generic_room_9, uniq_robin
D:3:      grunt_temple_overflow_open
D:4:      serial_undead, serial_undead_a, serial_undead_b, serial_undead_c,
          serial_undead_b, led_sif_book, uniq_menkaure, uniq_grinder,
          uniq_natasha
D:5:      basic_altar, uniq_eustachio

Skill      XL: |  1  2  3  4  5  6  7  8 |
---------------+-------------------------+-----
Conjurations   | 5 6 7 8 9 10 | 10.5
Shields        | 1 2 3 4 |  4.0
Spellcasting   | 4 |  4.3
Charms         | 3 6 |  6.3
Fighting       | |  0.8
Dodging        | |  2.4
Stealth        | |  2.4

Action                   |  1- 3 |  4- 6 |  7- 9 || total
-------------------------+-------+-------+-------++-------
Melee: Short sword       |     8 |     5 |       ||    13
       Dagger            |       |    18 |    14 ||    32
 Cast: Magic Dart        |    81 |   124 |   125 ||   330
       Searing Ray       |     1 |    13 |    11 ||    25
       Repel Missiles    |       |     1 |     1 ||     2
       Iskenderun's Myst |       |     3 |     5 ||     8
       Iskenderun's Batt |       |       |     8 ||     8
  Use: Scroll            |     3 |     7 |     4 ||    14
       Potion            |       |       |     3 ||     3
  Eat: Chunk             |     2 |     8 |    10 ||    20
       Bread ration      |       |       |     1 ||     1
Armor: Robe              |     1 |    21 |     6 ||    28
       Skin              |       |       |     8 ||     8
Dodge: Dodged            |    16 |    49 |    33 ||    98
       Deflected         |       |       |     5 ||     5
Block: Buckler           |       |    17 |    16 ||    33

Vault maps used:
D:1:      elethiomel_arrival_maze, serial_bayou_pond_b
D:2:      marbit_many_paths, first_bread, kennysheep_flooded_box,
          kennysheep_generic_room_9, uniq_robin
D:3:      grunt_temple_overflow_open
D:4:      serial_undead, serial_undead_a, serial_undead_b, serial_undead_c,
          serial_undead_b, led_sif_book, uniq_menkaure, uniq_grinder,
          uniq_natasha
D:5:      basic_altar, uniq_eustachio

Table legend:
 A = Turns spent in this place as a percentage of turns spent in the entire game.
 B = Non-inter-level travel turns spent in this place as a percentage of non-inter-level travel turns spent in the entire game.
 C = Inter-level travel turns spent in this place as a percentage of turns spent in this place.
 D = Turns resting spent in this place as a percentage of non-inter-level travel turns spent in this place.
 E = Turns spent auto-exploring this place as a percentage of non-inter-level travel turns spent in this place.
 F = Non-inter-level travel turns spent in this place divided by the number of levels of this place that you've seen.
                   A       B       C       D       E      F
               +-------+-------+-------+-------+-------+----------------------
         Total | 100.0 | 100.0 |   1.1 |   1.2 |  13.7 | 352.6
       Dungeon | 100.0 | 100.0 |   1.1 |   1.2 |  13.7 | 352.6
               +-------+-------+-------+-------+-------+----------------------

Table legend:
 A = Kills in this place as a percentage of kills in entire the game.
 B = Kills by you in this place as a percentage of kills by you in the entire game.
 C = Kills by friends in this place as a percentage of kills by friends in the entire game.
 D = Other kills in this place as a percentage of other kills in the entire game.
 E = Experience gained in this place as a percentage of experience gained in the entire game.
 F = Experience gained in this place divided by the number of levels of this place that you have seen.
                   A       B       C       D       E      F
               +-------+-------+-------+-------+-------+----------------------
         Total | 100.0 | 100.0 |  -nan |  -nan | 100.0 | 528.0
       Dungeon | 100.0 | 100.0 |  -nan |  -nan | 100.0 | 528.0
               +-------+-------+-------+-------+-------+----------------------
